 Dungeon Crawl Stone Soup version 0.31-a0-846-gb3bcc0d938 (console) character file.

Game seed: 11079109326816434089

96 petzl the Sneak (level 4, 0/35 HPs)
             Began as a Formicid Delver on Oct 3, 2023.
             Slain by a gnoll
             ... wielding a +0 flail
              (8 damage)
             ... on level 2 of the Dungeon.
             The game lasted 00:04:52 (1734 turns).

petzl the Sneak (Formicid Delver)                   Turns: 1734, Time: 00:04:53

Health: 0/35       AC:  4    Str: 17    XL:     4   Next: 98%
Magic:  10/10      EV: 12    Int: 11    God:
Gold:   146        SH:  0    Dex: 15    Spells: 11/11 levels left

rFire   . . .        b - +1 spear (freeze) {!f =f}
rCold   . . .        (no shield)
rNeg    . . .        h - +0 leather armour
rPois   .            (helmet unavailable)
rElec   .            (no cloak)
rCorr   .            g - +0 pair of gloves
SInv    +            (no boots)
Will    .....        (no amulet)
Stlth   +++          (no ring)
HPRegen 0.25/turn    (no ring)
MPRegen 0.12/turn

%: no passive effects
@: no status effects
A: permanent stasis, dig shafts and tunnels, antennae 3, four strong arms
a: Dig, Shaft Self


You were on level 2 of the Dungeon.
You visited 1 branch of the dungeon, and saw 5 of its levels.

You collected 146 gold pieces.

Inventory:

Hand Weapons
 a - a +0 sling
 b - a +1 spear of freezing (weapon) {!f =f}
Missiles
 m - 2 poisoned darts
Armour
 g - a +0 pair of gloves (worn)
 h - a +0 leather armour (worn)
Wands
 f - a wand of digging (3)
Scrolls
 c - 2 scrolls of fog
 d - a scroll of revelation
 e - a scroll of fear
 k - 2 scrolls of immolation {unknown}
 l - a scroll of brand weapon {unknown}
 n - a scroll of identify {unknown}
 p - a scroll of enchant weapon {unknown}
Potions
 i - a potion of berserk rage {unknown}
 j - a potion of mutation {unknown}
 o - a potion of might {unknown}
 q - a potion of attraction {unknown}
 r - a potion of haste {unknown}


   Skills:
 - Level 3.2 Fighting
 - Level 2.0 Maces & Flails
 - Level 1.7 Dodging
 - Level 6.0 Stealth
 + Level 4.1 Spellcasting


You had 11 spell levels left.
You didn't know any spells.
Your spell library contained the following spells:

 Spells                   Type           Power      Damage    Failure   Level
 Gell's Gravitas          Tloc           2%         N/A       65%         3
 Teleport Other           Tloc           2%         N/A       65%         3
 Tukima's Dance           Hex            2%         N/A       65%         3
 Passage of Golubria      Tloc           2%         N/A       96%         4
 Yara's Violent Unravell  Hex/Tmut       1%         3d3       100%        5
 Dispersal                Tloc           1%         N/A       100%        6


Dungeon Overview and Level Annotations

Branches:
Dungeon (5/15)
 Temple: D:4-7

Altars:

Annotations:
D:2 Natasha
D:4 Sigmund


Innate Abilities, Weirdness & Mutations

You cannot be hasted, slowed, berserked, paralysed or teleported.
You can dig through walls and to a lower floor.
You have a pair of large antennae on your head. (SInv)
Your four strong arms can wield two-handed weapons with a shield.


Message History

The endoplasm hits you but does no damage.
You hit the endoplasm. You freeze the endoplasm.
You kill the endoplasm!
The gnoll hits you from afar with a +0 spear.
Reach: b) +1 spear (freeze) {!f =f}
Press: ? - help, Dir - move target, f - gnoll
Aim: a gnoll, wielding a +0 spear (severely wounded, about 34% to evade your +1 spear of freezing)
You reach to attack!
You barely miss the gnoll.
The gnoll is severely wounded.
The gnoll barely misses you.
Unknown command.
Reach: b) +1 spear (freeze) {!f =f}
Press: ? - help, Dir - move target, f/p - gnoll
Aim: a gnoll, wielding a +0 spear (severely wounded, about 34% to evade your +1 spear of freezing)
You reach to attack!
You puncture the gnoll! You freeze the gnoll.
You kill the gnoll!
Unknown command.
Reach: b) +1 spear (freeze) {!f =f}
Press: ? - help, Dir - move target, f - gnoll
Aim: a gnoll, wielding a +0 flail (about 34% to evade your +1 spear of freezing)
You reach to attack!
You barely miss the gnoll. You closely miss the gnoll.
The gnoll barely misses you.
You hit the gnoll. You freeze the gnoll.
The gnoll is severely wounded.
The gnoll closely misses you.
You hit the gnoll but do no damage.
The gnoll is severely wounded.
The gnoll misses you.
You barely miss the gnoll.
The gnoll is severely wounded.
The gnoll hits you with a +0 flail.
You barely miss the gnoll.
The gnoll is severely wounded.
The gnoll hits you with a +0 flail!
* * * LOW HITPOINT WARNING * * *
The gnoll hits you but does no damage.
You hit the gnoll but do no damage.
The gnoll is severely wounded.
The gnoll hits you with a +0 flail!
You die...

## #.#### #. .....# #.
#.##.# ###.##.##.####
#............#
#.#.##.##)##.######
#.#.##.##.##......#
#.#.@g....##..###.# #
##.####)#####..# #.#.#
.####^..###.# #..###.#.#
.....>..g†.g# #.<..)...#
####...g##### ##.###.###
#..#.## #.###.# #....g
..##.....###### #...P.,
............... #.PP$.g
.#####........ #.....
#...#####
#.P...P...###.######........
#...(.P.P.##........[..#####
#.PP..P.P..#..######.###
..PPP.....#..# #.#
#.........#).# #.#
#.#.#....##..## #.#
#.............### #..
###...............# ###
#....#.....##.....##


You could see a gnoll.

Vanquished Creatures
  2 gnolls (D:2)
  An adder (D:2)
  2 worms (D:2)
  2 dart slugs
  An orc (D:3)
  9 endoplasms
  A giant cockroach (D:1)
  6 goblins
  4 hobgoblins
  2 jackals (D:1)
  A quokka (D:1)
  3 ball pythons
  8 bats
  6 frilled lizards
  2 kobolds
  6 rats
56 creatures vanquished.

Notes
Turn   | Place    | Note
-------+----------+-------------------------------------------
     0 | D:5      | petzl the Formicid Delver began the quest for the Orb.
     0 | D:5      | Reached XP level 1. HP: 18/18 MP: 1/1
     4 | D:5      | Noticed an iguana
     7 | D:4      | Noticed Sigmund
    66 | D:3      | Reached skill level 1 in Spellcasting
    97 | D:3      | Reached XP level 2. HP: 24/24 MP: 4/4
   217 | D:2      | Reached XP level 3. HP: 27/29 MP: 4/6
   317 | D:2      | Noticed Natasha
   741 | D:1      | Reached XP level 4. HP: 35/35 MP: 8/8
  1734 | D:2      | Slain by a gnoll

Illustrated notes

Levels and vault maps discovered:
D:1:      minmay_arrival_plants_in_alcoves, layout_basic
D:2:      layout_loops_ring, nicolae_grassy_gnolls, uniq_natasha
D:3:      layout_loops_cross, uniq_grinder
D:4:      kennysheep_slugbush, layout_cave_pools, serial_bayou_pond_d,
          uniq_sigmund, uniq_blork_the_orc, uniq_ijyb
D:5:      layout_cave_pools, minmay_temple_entry_grid, minmay_pentangle,
          uniq_eustachio, uniq_pikel

Skill      XL: |  1  2  3  4 |
---------------+-------------+-----
Spellcasting   | 1 2 3 4 |  4.1
Fighting       | |  3.2
Maces & Flails | |  2.0
Dodging        | |  1.7
Stealth        | |  6.0

Action                     |  1- 3 |  4- 6 || total
---------------------------+-------+-------++-------
  Melee: Mace              |    32 |       ||    32
         Spear             |       |    34 ||    34
   Fire: Sling             |    77 |    53 ||   130
   Stab: Sleeping          |     2 |     2 ||     4
 Armour: Leather armour    |    24 |    21 ||    45
  Dodge: Dodged            |    32 |    22 ||    54

Table legend: (Time is in decaauts)
 A = Elapsed time spent in this place.
 B = Non-inter-level travel time spent in this place.
 C = Inter-level travel time spent in this place.
 D = Time resting spent in this place.
 E = Time spent auto-exploring this place.
 F = Levels seen in this place.
 G = Mean time per level.
                   A        B        C        D        E       F      G
               +--------+--------+--------+--------+--------+-----+--------+
         Total |   1789 |   1712 |     77 |     59 |   1120 |   5 |  357.8 |
       Dungeon |   1789 |   1712 |     77 |     59 |   1120 |   5 |  357.8 |
               +--------+--------+--------+--------+--------+-----+--------+

Top non-repeatable levels by time:
     D:1: 982 daAuts
     D:2: 624 daAuts
     D:3: 169 daAuts
     D:5: 7 daAuts
     D:4: 5 daAuts
